 Dungeon Sprint DCSS version 0.23.0-3-gf3c87f2 (webtiles) character file.

Game seed: 17805785219056563321

1363 nuthulu the Fighter (level 8, -2/82 HPs)
             Began as a Minotaur Berserker on Feb 24, 2019.
             Was an Elder of Trog.
             Killed from afar by a burning bush (7 damage)
             ... with a puff of flame
             ... in the Dungeon (Sprint IV: "Fedhas' Mad Dash").
             The game lasted 00:03:00 (1373 turns).

nuthulu the Fighter (Minotaur Berserker)            Turns: 1373, Time: 00:03:01

Health: -2/82      AC:  4    Str: 23    XL:     8   Next: 38%
Magic:  7/7        EV: 17    Int:  4    God:    Trog [****..]
Gold:   137        SH:  0    Dex: 11    Spells: 7/7 levels left

rFire    . . .     SeeInvis .   a - +0 hand axe
rCold    . . .     Gourm    .   (no shield)
rNeg     . . .     Faith    .   k - +0 leather armour
rPois    .         Spirit   .   (helmet restricted)
rElec    .         Reflect  .   (no cloak)
rCorr    .         Harm     .   (no gloves)
MR       ++...     NoTele   +   (no boots)
Stlth    +.........             j - amulet of invisibility {+Inv}
HPRegen  1.23/turn              (no ring)
MPRegen  0.10/turn              (no ring)

@: berserk cooldown, regenerating, slowed, very slow
A: retaliatory headbutt, horns 2
a: Berserk, Trog's Hand, Brothers in Arms, Renounce Religion, Evoke Invisibility


You were in the Dungeon.
You worshipped Trog.
Trog was greatly pleased with you.
You were not hungry.

You visited 1 branch You collected 137 gold pieces.

Inventory:

Hand Weapons
 a - a +0 hand axe (weapon)
Armour
 b - a +0 animal skin
 k - a +0 leather armour (worn)
Jewellery
 j - the amulet of invisibility (around neck) {+Inv}
   (You found it in the Dungeon)

   [amulet of nothing]

   It lets you turn invisible.
Scrolls
 i - 2 scrolls of blinking
 m - a scroll of remove curse
Potions
 f - a potion of haste
 g - 2 potions of magic
 h - a potion of berserk rage
Comestibles
 c - 3 chunks of flesh


   Skills:
 + Level 11.6 Fighting
 + Level 11.6 Axes
 + Level 11.3 Armour
 + Level 10.4 Dodging


You had 7 spell levels left.
You didn't know any spells.
Your spell library was empty.

Dungeon Overview and Level Annotations

Branches:
Dungeon (1/1)

Altars:
Cheibriados
Dithmenos
Elyvilon
Gozag
Hepliaklqana
Kikubaaqudgha
Makhleb
Nemelex Xobeh
Okawaru
Qazlal
Ru
Sif Muna
Trog
Uskayaw
Vehumet
Wu Jian
Xom
Yredelemnul
Zin
The Shining One
Beogh
Jiyva
Lugonu

Shops:
D }}

Annotations:
D exclusions: oklob plant and oklob sapling


Innate Abilities, Weirdness & Mutations

You reflexively headbutt those who attack you in melee.
You have a pair of horns on your head.


Message History

The wandering mushroom completely misses you.
The wandering mushroom releases spores at you!
* * * LOW HITPOINT WARNING * * *
You are engulfed in a cloud of spores!
Your two-headed ogre goes berserk!
You feel quite a bit more hungry. Trog will no longer gift you weapons.
The burning bush throws fire at you. The puff of flame hits you!
* * * LOW HITPOINT WARNING * * *
The wandering mushroom barely misses you.
Your skin crawls.
You feel resistant to hostile enchantments.
You feel somewhat more hungry.
Your two-headed ogre hits the wandering mushroom with a +0 giant club!!
The wandering mushroom is destroyed!
Trog accepts your kill. The burning bush throws fire at you.
The puff of flame hits you!
You die...

###################
_._.⌠.#..)...#....#
._._..'.)#...#..@P+
_._...#..###'##O?$#
._._..#..##∩∩.'...#
_._.⌠.#############
#######


You could see a burning bush and a friendly two-headed ogre (berserk).

Vanquished Creatures
  An oklob plant (D)
  A queen bee (D)
  A burning bush (D)
  2 scorpions (D)
  4 killer bees (D)
  A wandering mushroom (D)
  4 oklob saplings (D)
  A worker ant (D)
  2 spriggans (D)
  A river rat (D)
  A rat (D)
19 creatures vanquished.

Vanquished Creatures (collateral kills)
  A wandering mushroom (D)
1 creature vanquished.

Grand Total: 20 creatures vanquished

Notes
Turn   | Place    | Note
-------+----------+-------------------------------------------
     0 | D        | nuthulu the Minotaur Berserker began the quest for the Orb.
     0 | D        | Reached XP level 1. HP: 19/19 MP: 0/0
    11 | D        | Reached XP level 2. HP: 16/28 MP: 1/1
   143 | D        | Noticed an oklob sapling
   148 | D        | Killed an oklob sapling
   148 | D        | Reached ** piety under Trog
   148 | D        | Reached skill level 5 in Fighting
   148 | D        | Reached skill level 5 in Axes
   148 | D        | Reached XP level 3. HP: 3/36 MP: 2/2
   420 | D        | Found the amulet of invisibility {+Inv}
   423 | D        | Reached skill level 5 in Armour
   643 | D        | Found an opulent altar of Gozag.
   643 | D        | Found a hazy altar of Hepliaklqana.
   643 | D        | Found a burning altar of Makhleb.
   643 | D        | Found a roughly hewn altar of Beogh.
   643 | D        | Found a sparkling altar of Nemelex Xobeh.
   643 | D        | Found a snail-covered altar of Cheibriados.
   643 | D        | Found a sacrificial altar of Ru.
   643 | D        | Found a deep blue altar of Sif Muna.
   643 | D        | Found a shimmering altar of Xom.
   643 | D        | Found a basalt altar of Yredelemnul.
   644 | D        | Found a viscous altar of Jiyva.
   644 | D        | Found a bloodstained altar of Trog.
   644 | D        | Found an ornate altar of the Wu Jian Council.
   644 | D        | Noticed an oklob sapling priest
   645 | D        | Found an iron altar of Okawaru.
   645 | D        | Found a shadowy altar of Dithmenos.
   645 | D        | Found a glowing silver altar of Zin.
   646 | D        | Found an ancient bone altar of Kikubaaqudgha.
   646 | D        | Found a hide-covered altar of Uskayaw.
   647 | D        | Found a stormy altar of Qazlal.
   647 | D        | Found a white marble altar of Elyvilon.
   647 | D        | Found a glowing golden altar of the Shining One.
   648 | D        | Found a corrupted altar of Lugonu.
   648 | D        | Found a radiant altar of Vehumet.
   656 | D        | Killed an oklob sapling priest
   656 | D        | Reached skill level 5 in Dodging
   656 | D        | Reached XP level 4. HP: 45/45 MP: 1/3
   748 | D        | Reached *** piety under Trog
   748 | D        | Reached XP level 5. HP: 47/52 MP: 4/4
   790 | D        | Noticed a queen bee
   809 | D        | Killed a queen bee
   809 | D        | Reached XP level 6. HP: 63/64 MP: 5/5
   872 | D        | Reached **** piety under Trog
   872 | D        | Received a gift from Trog
   872 | D        | Reached XP level 7. HP: 63/71 MP: 6/6
   911 | D        | Noticed an oklob plant
   919 | D        | Killed an oklob plant
   919 | D        | Reached skill level 10 in Fighting
   919 | D        | Reached skill level 10 in Axes
   919 | D        | Reached skill level 10 in Armour
  1038 | D        | Noticed a burning bush
  1054 | D        | Killed a burning bush
  1054 | D        | Reached skill level 10 in Dodging
  1054 | D        | Reached XP level 8. HP: 54/82 MP: 7/7
  1176 | D        | Noticed a burning bush
  1176 | D        | Noticed an oklob plant
  1306 | D        | Found Esyori's Gadget Shop.
  1306 | D        | Found Beezec's Gadget Emporium.
  1314 | D        | Noticed a burning bush
  1314 | D        | Noticed a wandering mushroom
  1342 | D        | Noticed a wandering mushroom
  1346 | D        | Reached ***** piety under Trog
  1372 | D        | HP: 3/82 [burning bush/puff of flame (9)]
  1373 | D        | Killed from afar by a burning bush

Skill      XL: |  1  2  3  4  5  6  7  8 |
---------------+-------------------------+-----
Fighting       | 4 5 6 7 9 11 | 11.6
Axes           | 4 5 6 7 9 11 | 11.6
Armour         | 3 4 5 6 9 10 11 | 11.3
Dodging        | 3 4 5 8 10 | 10.4

Action                   |  1- 3 |  4- 6 |  7- 9 || total
-------------------------+-------+-------+-------++-------
Melee: Hand axe          |    18 |    18 |    44 ||    80
       Headbutt          |     9 |     4 |    20 ||    33
Invok: Trog's Hand       |       |     2 |     3 ||     5
       Berserk           |       |     1 |     2 ||     3
       Brothers in Arms  |       |       |     1 ||     1
 Abil: Evoke Invisibilit |     1 |       |       ||     1
  Use: Scroll            |       |     1 |       ||     1
       Potion            |       |       |     2 ||     2
  Eat: Ration            |       |     1 |     1 ||     2
Armor: Leather armour    |       |     1 |     3 ||     4
Dodge: Dodged            |     9 |    16 |    30 ||    55
